 Dungeon Crawl Stone Soup version 0.27.0-1-g7a089689b8 (webtiles) character file.

Game seed: 1941445095386925504

8 sanka the Changer (level 2, 0/14 HPs)
             Began as a Spriggan Transmuter on Aug 7, 2021.
             Slain by a quokka (3 damage)
             ... on level 1 of the Dungeon.
             The game lasted 00:01:14 (672 turns).

sanka the Changer (Spriggan Transmuter)              Turns: 672, Time: 00:01:14

Health: 0/14       AC:  2    Str:  6    XL:     2   Next: 0%
Magic:  7/7        EV: 17    Int: 14    God:
Gold:   0          SH:  0    Dex: 15    Spells: 6/7 levels left

rFire    . . .     SeeInvis +     - Unarmed
rCold    . . .     Faith    .   (shield restricted)
rNeg     . . .     Spirit   .   a - +0 robe
rPois    .         Reflect  .   (helmet currently unavailable)
rElec    .         Harm     .   (no cloak)
rCorr    .         Rampage  .   (gloves unavailable)
Will     .....                  (boots unavailable)
Stlth    +.........             (no amulet)
HPRegen  0.04/turn              (no ring)
MPRegen  0.10/turn              (no ring)

@: appendages (expiring), very quick
A: horns 2, talons 2, very small, no large weapons, unfitting armour, see
invisible, speed 3
a: End Transformation


You were on level 1 of the Dungeon.
You had temporarily grown beastly horns and talons.
You visited 1 branch of the dungeon, and saw 1 of its levels.


Innate Abilities, Weirdness & Mutations

You have temporarily grown beastly horns and talons.
You are very small and have problems with some larger weapons.
You are too small for most types of armour.
You have supernaturally acute eyesight. (SInv)
You cover ground extremely quickly. (Speed+++)


   Skills:
 - Level 0.7 Fighting
 - Level 2.6 Dodging
 - Level 2.4 Unarmed Combat
 - Level 3.0 Spellcasting
 + Level 3.1 Transmutations
 + Level 0.9 Poison Magic


You had 6 spell levels left.
You knew the following spells:

 Your Spells              Type           Power      Damage    Failure   Level
z - Beastly Appendage     Tmut           20%        N/A       6%          1

Your spell library contained the following spells:

 Spells                   Type           Power      Damage    Failure   Level
 Wereblood                Tmut           10%        N/A       9%          2
 Spider Form              Tmut/Pois      3%         N/A       28%         3
 Ice Form                 Ice/Tmut       6%         N/A       75%         4

Inventory:

Armour
 a - a +0 robe (worn)
Potions
 b - a potion of magic {unknown}
 c - a potion of brilliance {unknown}
 d - a potion of curing {unknown}

Dungeon Overview and Level Annotations

Branches:
Dungeon (1/15)

Altars:

.▒.▒.............▒...▒
...▒........[....▒...▒
.▒▒▒.............▒...▒
▒▒ ▒............▒....▒ ▒
▒............▒....▒ ▒
▒...........▒.....▒ ▒
▒...........▒.....▒ ▒
▒..........▒.▒....▒ ▒
▒.........▒..ir...▒ ▒
▒.....J▒▒▒........▒
▒▒▒▒.(...▒...........▒
▒▒....▒....▒▒▒▒▒▒▒▒....▒
▒▒▒▒.....▒.▒ ....▒
......▒....▒ .....
▒▒▒....▒.▒▒▒ ...
▒▒)......▒ ...
.......▒▒▒


You could see a quokka.


Message History

Your kick misses the quokka. The quokka barely misses you.
You hit the quokka but do no damage. You claw the quokka, but do no damage.
Your headbutt misses the quokka.
The quokka bites you but does no damage.
The quokka bites you.
You hit the quokka but do no damage. Your headbutt misses the quokka.
The quokka bites you.
You completely miss the quokka. The quokka bites you.
You closely miss the quokka. The quokka closely misses you.
You barely miss the quokka. Your headbutt misses the quokka.
Your transformation is almost over.
The quokka completely misses you.
You hit the quokka.
The quokka is severely wounded.
The quokka bites you.
* * * LOW HITPOINT WARNING * * *
Unknown command.
You closely miss the quokka. Your kick misses the quokka.
The quokka is severely wounded.
The quokka bites you.
* * * LOW HITPOINT WARNING * * *
The quokka bites you.
You die...

Action                   || total
-------------------------++-------
Melee: Unarmed           ||    33
       Kick              ||     4
       Headbutt          ||     2
 Cast: Beastly Appendage ||     8
Armor: Robe              ||     4
Dodge: Dodged            ||    30

Levels and vault maps discovered:
D:1:      dpeg_arrival_solitude, layout_basic

Notes
Turn   | Place    | Note
-------+----------+-------------------------------------------
     0 | D:1      | sanka the Spriggan Transmuter began the quest for the Orb.
     0 | D:1      | Reached XP level 1. HP: 9/9 MP: 5/5
   326 | D:1      | Reached skill level 3 in Transmutations
   419 | D:1      | Reached skill level 3 in Spellcasting
   467 | D:1      | Reached XP level 2. HP: 8/14 MP: 5/7
   672 | D:1      | Slain by a quokka

Vanquished Creatures
  A ball python (D:1)
  A goblin (D:1)
  2 bats (D:1)
  A frilled lizard (D:1)
  2 kobolds (D:1)
  2 rats (D:1)
9 creatures vanquished.
